 Dungeon Crawl Stone Soup version 0.28-a0-723-g095bd1b44f (webtiles) character file.

Game seed: 13440130314301836639

240 MacCMillion the Stinger (level 6, -5/53 HPs)
             Began as an Ogre Venom Mage on Oct 26, 2021.
             Was an Initiate of Kikubaaqudgha.
             Slain by a wyvern zombie (13 damage)
             ... on level 4 of the Dungeon.
             The game lasted 00:13:19 (3516 turns).

MacCMillion the Stinger (Ogre Venom Mage)           Turns: 3516, Time: 00:13:19

Health: -5/53      AC:  3    Str: 13    XL:     6   Next: 8%
Magic:  10/10      EV:  9    Int: 18    God:    Kikubaaqudgha [......]
Gold:   233        SH:  0    Dex:  9    Spells: 1/11 levels left

rFire   . . .      SeeInvis .   e - +0 dagger
rCold   . . .      Faith    .   (no shield)
rNeg    . . .      Spirit   .   a - +0 robe
rPois   .          Reflect  .   (helmet restricted)
rElec   .          Harm     .   (no cloak)
rCorr   .          Rampage  .   (gloves unavailable)
Will    .....                   (boots unavailable)
Stlth   +.........              (no amulet)
HPRegen 0.17/turn               (no ring)
MPRegen 0.12/turn               (no ring)

@: no status effects
A: large, unfitting armour, tough skin 1
a: Renounce Religion


You were on level 4 of the Dungeon.
You worshipped Kikubaaqudgha.
Kikubaaqudgha was noncommittal.
You visited 1 branch of the dungeon, and saw 4 of its levels.

You collected 233 gold pieces.

Inventory:

Hand Weapons
 e - a +0 dagger (weapon)
 p - a +0 giant club
Armour
 a - a +0 robe (worn)
Wands
 o - a wand of polymorph (7)
Scrolls
 b - 5 scrolls of identify
 f - a scroll of blinking {unknown}
 m - a scroll of vulnerability {unknown}
 n - a scroll of fog {unknown}
Potions
 c - a potion of magic
 d - 2 potions of mutation
 g - 3 potions of brilliance {unknown}
 h - 2 potions of heal wounds {unknown}
 i - a potion of might {unknown}
 j - 2 potions of haste {unknown}
 k - a potion of attraction {unknown}
 l - a potion of resistance {unknown}


   Skills:
 - Level 1.7 Dodging
 - Level 1.4 Stealth
 - Level 3.0 Spellcasting
 - Level 2.0 Transmutations
 + Level 5.5 Poison Magic


You had one spell level left.
You knew the following spells:

 Your Spells              Type           Power      Damage    Failure   Level
a - Sting                 Tmut/Pois      64%        1d6       3%          1
b - Poisonous Vapours     Pois/Air       24%        N/A       8%          2
c - Mephitic Cloud        Conj/Pois/Air  9%         N/A       22%         3
d - Olgreb's Toxic Radia  Pois           22%        N/A       17%         4

Your spell library contained the following spells:

 Spells                   Type           Power      Damage    Failure   Level
 Summon Small Mammal      Summ           8%         N/A       16%         1
 Call Canine Familiar     Summ           2%         N/A       43%         3
 Ozocubu's Armour         Ice            2%         N/A       43%         3
 Summon Guardian Golem    Hex/Summ       2%         N/A       43%         3
 Airstrike                Air            1%         N/A       85%         4
 Summon Lightning Spire   Summ/Air       2%         N/A       85%         4
 Lightning Bolt           Conj/Air       1%         1d12      99%         5
 Metabolic Englaciation   Hex/Ice        1%         N/A       99%         5
 Simulacrum               Ice/Necr       1%         N/A       100%        6


Dungeon Overview and Level Annotations

Branches:
Dungeon (4/15)
 Temple: D:4-7

Altars:
Ashenzari
Kikubaaqudgha


Innate Abilities, Weirdness & Mutations

You are too large for most types of armour.
You have tough skin. (AC +1)


Message History

You hit the wyvern zombie but do no damage.
The wyvern zombie bites you. x2
You hit the wyvern zombie.
The wyvern zombie is lightly damaged.
The wyvern zombie closely misses you.
You barely miss the wyvern zombie.
The wyvern zombie is lightly damaged.
The wyvern zombie bites you.
You hit the wyvern zombie.
The wyvern zombie is lightly damaged.
The wyvern zombie bites you but does no damage.
The wyvern zombie closely misses you.
You hit the wyvern zombie.
The wyvern zombie is lightly damaged.
The wyvern zombie bites you!
You hit the wyvern zombie but do no damage.
The wyvern zombie is lightly damaged.
The wyvern zombie barely misses you.
You hit the wyvern zombie.
The wyvern zombie is moderately damaged.
The wyvern zombie misses you. The wyvern zombie barely misses you.
You hit the wyvern zombie but do no damage.
The wyvern zombie is moderately damaged.
The wyvern zombie barely misses you.
You hit the wyvern zombie.
The wyvern zombie is moderately damaged.
The wyvern zombie closely misses you.
You hit the wyvern zombie but do no damage.
The wyvern zombie is moderately damaged.
The wyvern zombie barely misses you.
You hit the wyvern zombie but do no damage.
The wyvern zombie is moderately damaged.
The wyvern zombie bites you! The wyvern zombie bites you.
You barely miss the wyvern zombie.
The wyvern zombie is moderately damaged.
The wyvern zombie bites you!
* * * LOW HITPOINT WARNING * * *
The wyvern zombie bites you!
You die...
Kikubaaqudgha rasps: "You have failed me!
Welcome... death!"

... ... .. ..#
.#..# #..>#
#.# #.# #.#
#####Z#
#...#@#
####.#.#.#####
#...<#.#^....#
#.##.#.#####.#
#.##.#.#####.#
#....#.......#
##############


You could see a wyvern zombie.

Vanquished Creatures
  An ogre (D:4)
  A gnoll shaman (D:3)
  A hound skeleton (D:4)
  5 gnolls
  2 adders
  A worm (D:3)
  2 bats (D:1)
  4 giant cockroaches
  10 goblins
  A hobgoblin (D:1)
  8 jackals
  6 kobolds
  5 quokkas
  3 ball pythons
  A frilled lizard (D:1)
  A rat (D:1)
52 creatures vanquished.

Notes
Turn   | Place    | Note
-------+----------+-------------------------------------------
     0 | D:1      | MacCMillion the Ogre Venom Mage began the quest for the
                  | Orb.
     0 | D:1      | Reached XP level 1. HP: 16/16 MP: 3/3
   100 | D:1      | Reached skill level 1 in Transmutations
   190 | D:1      | Reached XP level 2. HP: 14/24 MP: 0/5
   548 | D:1      | Reached skill level 3 in Poison Magic
   718 | D:1      | Found a faded altar of an unknown god.
   718 | D:1      | Noticed a Hell Sentinel
  1040 | D:2      | Reached XP level 3. HP: 31/31 MP: 4/7
  1390 | D:2      | Found an ancient bone altar of Kikubaaqudgha.
  1395 | D:2      | Became a worshipper of Kikubaaqudgha
  1659 | D:3      | Found a broken altar of Ashenzari.
  1761 | D:3      | Reached XP level 4. HP: 31/39 MP: 3/8
  1916 | D:3      | Learned a level 2 spell: Poisonous Vapours
  2052 | D:3      | Learned a level 3 spell: Mephitic Cloud
  2179 | D:3      | Reached skill level 4 in Poison Magic
  2499 | D:4      | Reached XP level 5. HP: 36/45 MP: 9/9
  2519 | D:4      | Noticed an ogre
  2926 | D:4      | Learned a level 4 spell: Olgreb's Toxic Radiance
  3196 | D:4      | Killed an ogre
  3197 | D:4      | Reached skill level 5 in Poison Magic
  3197 | D:4      | Reached XP level 6. HP: 29/53 MP: 3/10
  3516 | D:4      | Slain by a wyvern zombie

Illustrated notes

Levels and vault maps discovered:
D:1:      dpeg_arrival_lava_altar, layout_loops_ring,
          dreamdust_ecumenical_altar_sealed_demon, serial_glass,
          glass_columns_a, glass_columns_b, feat_on_display, feat_on_display,
          due_unseen_surprise, feat_on_display
D:2:      minmay_chambers_of_ones, layout_basic, basic_altar, minivault_19,
          minmay_goblin_kobold_house
D:3:      layout_loops_cross, lemuel_doored_altar
D:4:      layout_basic

Skill      XL: |  1  2  3  4  5 |
---------------+----------------+-----
Transmutations | 1 2 |  2.0
Poison Magic   | 3 4 5 |  5.5
Spellcasting   | 3 |  3.0
Dodging        | |  1.7
Stealth        | |  1.4

Action                   |  1- 3 |  4- 6 || total
-------------------------+-------+-------++-------
Melee: Unarmed           |     2 |       ||     2
       Dagger            |     2 |    39 ||    41
 Cast: Sting             |    57 |    38 ||    95
       Poisonous Vapours |       |     5 ||     5
  Use: Scroll            |       |     2 ||     2
Armor: Robe              |    18 |    21 ||    39
Dodge: Dodged            |    15 |    38 ||    53

Table legend: (Time is in decaauts)
 A = Elapsed time spent in this place.
 B = Non-inter-level travel time spent in this place.
 C = Inter-level travel time spent in this place.
 D = Time resting spent in this place.
 E = Time spent auto-exploring this place.
 F = Levels seen in this place.
 G = Mean time per level.
                   A        B        C        D        E       F      G
               +--------+--------+--------+--------+--------+-----+--------+
         Total |   3518 |   3309 |    209 |    596 |   1928 |   4 |  879.5 |
       Dungeon |   3518 |   3309 |    209 |    596 |   1928 |   4 |  879.5 |
               +--------+--------+--------+--------+--------+-----+--------+

Top non-repeatable levels by time:
     D:3: 1468 daAuts
     D:1: 1000 daAuts
     D:4: 649 daAuts
     D:2: 400 daAuts
